 Dungeon Crawl Stone Soup version 0.31-a0-233-g139696dc86 (webtiles) character file.

Game seed: 5116198954598839380

283 Midn8 the Conjurer (level 6, -1/42 HPs)
             Began as an Octopode Conjurer on July 9, 2023.
             Slain by Pikel
             ... wielding a +0 whip of flaming
              (11 damage)
             ... on level 4 of the Dungeon.
             The game lasted 00:09:25 (4498 turns).

Midn8 the Conjurer (Octopode Conjurer)              Turns: 4498, Time: 00:09:25

Health: -1/42      AC:  1    Str:  6    XL:     6   Next: 28%
Magic:  4/12       EV: 12    Int: 23    God:
Gold:   236        SH:  3    Dex: 10    Spells: 10/13 levels left

rFire   . . .        m - +1 dagger (venom)
rCold   . . .        c - +0 buckler
rNeg    . . .        (helmet restricted)
rPois   +            (no amulet)
rElec   .            h - ring of poison resistance
rCorr   .            (no ring)
SInv    .            (no ring)
Will    .....        (no ring)
Stlth   +++          (no ring)
HPRegen 0.27/turn    (no ring)
MPRegen 0.13/turn    (no ring)
                     (no ring)

%: no passive effects
@: no status effects
A: almost no armour, amphibious, 8 rings, camouflage 1, gelatinous body 1,
(nimble swimmer 1), tentacles
a: no special abilities


You were on level 4 of the Dungeon.
You visited 1 branch of the dungeon, and saw 4 of its levels.

You collected 236 gold pieces.

Inventory:

Hand Weapons
 b - a +1 dagger
 m - a +1 dagger of venom (weapon)
Missiles
 k - a throwing net
Armour
 c - a +0 buckler (worn)
Jewellery
 h - a ring of poison resistance (left tentacle)
Scrolls
 f - a scroll of identify
 i - a scroll of fog
Potions
 d - 2 potions of curing
 e - 2 potions of might {unknown}
 g - a potion of heal wounds {unknown}
 j - a potion of ambrosia {unknown}
 l - a potion of attraction {unknown}


   Skills:
 - Level 3.0 Fighting
 + Level 2.1 Dodging
 - Level 3.5 Stealth
 - Level 4.0 Spellcasting
 - Level 5.0 Conjurations


You had 10 spell levels left.
You knew the following spells:

 Your Spells              Type           Power      Damage    Failure   Level
a - Magic Dart            Conj           100%       1d8       2%          1
s - Searing Ray           Conj           54%        2d6       3%          2

Your spell library contained the following spells:

 Spells                   Type           Power      Damage    Failure   Level
 Apportation              Tloc           8%         N/A       19%         1
 Freeze                   Ice            16%        1d4       19%         1
 Dazzling Flash           Conj/Hex       32%        N/A       21%         3
 Hailstorm                Conj/Ice       16%        3d6       21%         3
 Call Canine Familiar     Summ           4%         N/A       50%         3
 Frozen Ramparts          Ice            8%         1d2       50%         3
 Portal Projectile        Hex/Tloc       8%         N/A       50%         3
 Fulminant Prism          Conj/Hex       8%         3d6       54%         4
 Iskenderun's Mystic Bla  Conj/Tloc      16%        2d5       54%         4
 Leda's Liquefaction      Hex/Erth       2%         N/A       88%         4
 Alistair's Intoxication  Tmut/Pois      2%         N/A       99%         5


Dungeon Overview and Level Annotations

Branches:
Dungeon (4/15)
 Temple: D:4-7

Altars:
Yredelemnul

Annotations:
D:3 1 runed translucent door, Crazy Yiuf
D:4 5 exclusions, Pikel


Innate Abilities, Weirdness & Mutations

You cannot wear most types of armour.
You are amphibious.
You can wear up to eight rings at the same time.
Your skin changes colour to match your surroundings (Stealth+).
Your rubbery body absorbs attacks. (AC +1, EV +1)
((You are camouflaged when in or above water. (Stealth+)))
You have tentacles for arms and can constrict up to eight enemies at once.


Message History

The searing ray hits Pikel but does no damage.
Pikel is severely wounded.
The searing ray hits the lemure.
The lemure is heavily wounded.
The searing ray hits the lemure.
The lemure is moderately wounded.
Pikel barely misses you.
The searing ray misses Pikel.
The searing ray hits the lemure.
The lemure is severely wounded.
The searing ray misses the lemure.
Pikel completely misses you.
The searing ray hits Pikel.
Pikel is almost dead.
The searing ray hits the lemure.
The lemure is severely wounded.
The searing ray hits the lemure.
The lemure is moderately wounded.
You finish channelling your searing ray.
Pikel barely misses you.
Casting: Searing Ray (safe; 3% risk of failure)
Confirm with . or Enter, or press ? or * to list all spells.
Aiming: Searing Ray (safe; 3% risk of failure)
Press: ? - help, Shift-Dir - straight line, f/p - Pikel
Aim: Pikel, wielding a +0 whip of flaming and wearing a +0 robe (almost dead, 74% to hit)
The searing ray hits Pikel.
Pikel is almost dead.
The searing ray hits the lemure but does no damage.
The lemure is severely wounded.
The searing ray hits the lemure!
The lemure is severely wounded. (Press . to maintain the ray.) Pikel hits you with a +0 whip of flaming!
* * * LOW HITPOINT WARNING * * *
Pikel burns you.
* * * LOW HITPOINT WARNING * * *
The searing ray misses Pikel.
The searing ray hits the lemure.
The lemure is almost dead.
The searing ray hits the lemure.
The lemure is severely wounded.
Pikel hits you with a +0 whip of flaming!
You die...

.....#########...####....
.### .....# #..## .......
...### #.## ##..... ###
...# #.# #..... ..# #.##
#.# #.##'####.# #.# #.#
#.##...##.# #.# #.#
#......##.# #.#
#.#######.........## ..#
#..@K55............. ###
##########.......###
##....### ##...# #####


You could see Pikel and 2 lemures.

Vanquished Creatures
  Menkaure (D:4)
  2 lemures (D:4)
  4 adders
  7 gnolls
  2 worms
  A dart slug (D:2)
  A ball python (D:3)
  3 endoplasms
  3 giant cockroaches
  9 goblins
  7 hobgoblins
  3 jackals (D:1)
  2 quokkas (D:1)
  4 bats
  3 frilled lizards
  7 kobolds
  7 rats
66 creatures vanquished.

Notes
Turn   | Place    | Note
-------+----------+-------------------------------------------
     0 | D:1      | Midn8 the Octopode Conjurer began the quest for the Orb.
     0 | D:1      | Reached XP level 1. HP: 11/11 MP: 3/3
   336 | D:1      | Reached XP level 2. HP: 17/17 MP: 3/5
   543 | D:1      | Learned a level 2 spell: Searing Ray
   876 | D:1      | Reached XP level 3. HP: 21/21 MP: 4/7
  1411 | D:2      | Reached XP level 4. HP: 27/27 MP: 3/9
  2395 | D:3      | Reached XP level 5. HP: 31/31 MP: 5/11
  3059 | D:3      | Reached skill level 5 in Conjurations
  3121 | D:3      | Found a basalt altar of Yredelemnul.
  3400 | D:3      | Found a runed translucent door.
  3401 | D:3      | Noticed Crazy Yiuf
  3726 | D:4      | Noticed a lemure
  3727 | D:4      | Noticed a lemure
  3750 | D:4      | Killed a lemure
  3751 | D:4      | Killed a lemure
  4266 | D:4      | Noticed Menkaure
  4271 | D:4      | Noticed Pikel
  4276 | D:4      | Killed Menkaure
  4277 | D:4      | Reached XP level 6. HP: 14/42 MP: 6/12
  4498 | D:4      | Slain by Pikel

Illustrated notes

Levels and vault maps discovered:
D:1:      wander_arrival_chamber, layout_basic
D:2:      layout_loops_corners
D:3:      layout_loops_corners, yredelemnul_altar_generic, st_stairs_6,
          uniq_crazy_yiuf_cottage
D:4:      layout_loops_corners, uniq_menkaure, uniq_pikel

Skill      XL: |  1  2  3  4  5 |
---------------+----------------+-----
Stealth        | 3 |  3.5
Spellcasting   | 3 4 |  4.0
Conjurations   | 5 |  5.0
Fighting       | 3 |  3.0
Dodging        | |  2.1

Action                     |  1- 3 |  4- 6 || total
---------------------------+-------+-------++-------
  Melee: Unarmed           |     3 |       ||     3
         Dagger            |    18 |     9 ||    27
         Constrict         |     4 |     2 ||     6
         Tentacles         |     3 |     3 ||     6
   Cast: Magic Dart        |    48 |    58 ||   106
         Searing Ray       |     2 |    15 ||    17
    Use: Scroll            |     2 |     5 ||     7
         Potion            |       |     1 ||     1
   Stab: Sleeping          |     1 |       ||     1
 Armour: Skin              |     2 |     1 ||     3
  Dodge: Dodged            |    10 |    12 ||    22
  Block: Buckler           |     3 |       ||     3

Table legend: (Time is in decaauts)
 A = Elapsed time spent in this place.
 B = Non-inter-level travel time spent in this place.
 C = Inter-level travel time spent in this place.
 D = Time resting spent in this place.
 E = Time spent auto-exploring this place.
 F = Levels seen in this place.
 G = Mean time per level.
                   A        B        C        D        E       F      G
               +--------+--------+--------+--------+--------+-----+--------+
         Total |   4498 |   4282 |    216 |   1338 |   2362 |   4 | 1124.5 |
       Dungeon |   4498 |   4282 |    216 |   1338 |   2362 |   4 | 1124.5 |
               +--------+--------+--------+--------+--------+-----+--------+

Top non-repeatable levels by time:
     D:2: 1255 daAuts
     D:3: 1154 daAuts
     D:4: 1045 daAuts
     D:1: 1043 daAuts
